 Dungeon Crawl Stone Soup version 0.31-a0-1074-g0b22e4e0f1 (webtiles) character file.

Game seed: 5783674113782535255

202 grandjackal the Slasher (level 5, -12/46 HPs)
             Began as a Draconian Gladiator on Nov 30, 2023.
             Killed from afar by a steam dragon (17 damage)
             ... with a ball of steam
             ... on level 4 of the Dungeon.
             The game lasted 00:02:38 (2848 turns).

grandjackal the Slasher (Draconian Gladiator)       Turns: 2848, Time: 00:02:39

Health: -12/46     AC:  5    Str: 17    XL:     5   Next: 50%
Magic:  5/5        EV: 13    Int:  8    God:
Gold:   99         SH:  0    Dex: 14    Spells: 4/4 levels left

rFire   . . .        a - +0 long sword
rCold   . . .        (no shield)
rNeg    . . .        (body armour unavailable)
rPois   .            b - +0 hat
rElec   .            (no cloak)
rCorr   .            (no gloves)
SInv    .            (no boots)
Will    .....        (no amulet)
Stlth   +            g - ring of flight
HPRegen 0.27/turn    (no ring)
MPRegen 0.09/turn

%: no passive effects
@: flying
A: AC +5, unfitting armour, cold-blooded
a: no special abilities


You were on level 4 of the Dungeon.
You visited 1 branch of the dungeon, and saw 4 of its levels.

You collected 99 gold pieces.

Inventory:

Hand Weapons
 a - a +0 long sword (weapon)
Missiles
 d - 5 javelins
Armour
 b - a +0 hat (worn)
Jewellery
 g - a ring of flight (left hand)
Scrolls
 e - 3 scrolls of teleportation {unknown}
 i - a scroll of torment {unknown}
 l - 2 scrolls of identify {unknown}
 p - a scroll of amnesia {unknown}
 q - 2 scrolls of noise {unknown}
 r - a scroll of fear {unknown}
 s - a scroll of fog {unknown}
Potions
 f - 3 potions of heal wounds {unknown}
 h - a potion of ambrosia {unknown}
 j - a potion of invisibility {unknown}
 k - a potion of might {unknown}
 m - 2 potions of haste {unknown}
 n - 2 potions of curing {unknown}
 o - a potion of mutation {unknown}


   Skills:
 + Level 4.1 Fighting
 + Level 4.3 Long Blades
 - Level 1.7 Throwing
 + Level 3.9 Dodging


You had 4 spell levels left.
You didn't know any spells.
Your spell library contained the following spells:

 Spells                   Type           Power      Damage    Failure   Level
 Ignite Poison            Fire/Tmut/Pois 0%         N/A       78%         3
 Sticky Flame             Conj/Fire      0%         2d3       99%         4
 Ignition                 Fire           0%         3d3       100%        8


Dungeon Overview and Level Annotations

Branches:
Dungeon (4/15)
 Temple: D:4-7

Altars:
Ashenzari
Elyvilon
Kikubaaqudgha
Makhleb
Wu Jian
The Shining One

Shops:
D:3 =


Innate Abilities, Weirdness & Mutations

Your plain brown scales are hard. (AC +5)
You cannot fit into any form of body armour.
You are cold-blooded and may be slowed by cold attacks.


Message History

The steam dragon is severely wounded.
The steam dragon closely misses you. The steam dragon claws you.
You hit the steam dragon.
The steam dragon is severely wounded.
The steam dragon misses you. The steam dragon barely misses you.
The steam dragon bites you! The steam dragon claws you.
* * * LOW HITPOINT WARNING * * *
You closely miss the steam dragon.
The steam dragon is severely wounded.
The steam dragon breathes steam at you. The ball of steam hits you!
* * * LOW HITPOINT WARNING * * *
The steam dragon barely misses you. x2
Throw: 3 throwing nets
Press: ? - help, Q - select action, (/) - cycle Shift-Dir - straight line, f - steam dragon
Aim: a steam dragon (severely wounded, catching its breath, 57% to hit)
You throw a throwing net.
The throwing net completely misses the steam dragon.
The steam dragon bites you.
* * * LOW HITPOINT WARNING * * *
The steam dragon misses you.
Throw: 2 throwing nets
Press: ? - help, Q - select action, (/) - cycle Shift-Dir - straight line, f/p - steam dragon
Aim: a steam dragon (severely wounded, catching its breath, 57% to hit)
You throw a throwing net.
The throwing net barely misses the steam dragon.
The steam dragon completely misses you. The steam dragon claws you.
* * * LOW HITPOINT WARNING * * *
Throw: throwing net
Press: ? - help, Q - select action, (/) - cycle Shift-Dir - straight line, f/p - steam dragon
Aim: a steam dragon (severely wounded, catching its breath, 57% to hit)
You throw a throwing net. The throwing net hits the steam dragon.
The steam dragon is caught in the net!
The steam dragon is severely wounded.
You barely miss the steam dragon.
Your tail-slap misses the steam dragon.
The steam dragon is severely wounded.
The steam dragon struggles against the net.
The steam dragon breathes steam at you. The ball of steam hits you!
You die...

...........
## ######....
.## ####
#####.....
..##..
...#.#...
..#.#
#.#.#...
#.#.#
###...#...
#.§.#
#....##...
#§D#
###.#.###...
#@.####...#.#
..!
#.....#.###.#
##.##...# #)#
#.###..# #.#
#..........#
#####>###..#
#.# #..# #.#
...# #.# #.##


You could see a steam dragon (caught, catching breath).

Vanquished Creatures
  A scorpion (D:4)
  A jelly (D:4)
  A sleepcap (D:4)
  2 adders (D:3)
  A worm (D:2)
  A dart slug (D:2)
  4 orcs
  6 endoplasms
  6 giant cockroaches
  5 goblins
  4 hobgoblins
  2 kobolds
  4 quokkas
  6 ball pythons
  5 bats
  4 frilled lizards
  2 rats
55 creatures vanquished.

Notes
Turn   | Place    | Note
-------+----------+-------------------------------------------
     0 | D:1      | grandjackal the Draconian Gladiator began the quest for the
                  | Orb.
     0 | D:1      | Reached XP level 1. HP: 17/17 MP: 1/1
   225 | D:1      | Reached XP level 2. HP: 25/25 MP: 2/2
  1353 | D:2      | Reached XP level 3. HP: 17/30 MP: 3/3
  1758 | D:3      | Found Budit's Jewellery Emporium.
  2036 | D:3      | Reached XP level 4. HP: 38/38 MP: 4/4
  2553 | D:4      | Noticed a scorpion
  2564 | D:4      | Killed a scorpion
  2565 | D:4      | Reached XP level 5. HP: 29/46 MP: 5/5
  2672 | D:4      | Found an ancient bone altar of Kikubaaqudgha.
  2711 | D:4      | Found a burning altar of Makhleb.
  2717 | D:4      | Found a white marble altar of Elyvilon.
  2720 | D:4      | Found an ornate altar of the Wu Jian Council.
  2722 | D:4      | Found a glowing golden altar of the Shining One.
  2727 | D:4      | Found a broken altar of Ashenzari.
  2833 | D:4      | Noticed a steam dragon
  2848 | D:4      | Killed from afar by a steam dragon

Illustrated notes

Levels and vault maps discovered:
D:1:      dpeg_arrival_rooms_with_view, layout_basic
D:2:      layout_basic, minmay_pentomino_s2
D:3:      layout_basic, serial_shops, nicolae_shop_hallway_stairs
D:4:      layout_basic, nicolae_overflow_hallway_of_the_gods, kennysheep_path_1

Skill      XL: |  1  2  3  4 |
---------------+-------------+-----
Dodging        | 3 |  3.9
Fighting       | 3 4 |  4.1
Long Blades    | 4 |  4.3
Throwing       | |  1.7

Action                     |  1- 3 |  4- 6 || total
---------------------------+-------+-------++-------
  Melee: Long sword        |   121 |    48 ||   169
         Tailslap          |     3 |     5 ||     8
         Punch             |     2 |       ||     2
  Throw: Throwing net      |       |     3 ||     3
   Stab: Sleeping          |     2 |     2 ||     4
 Armour: Skin              |    70 |    34 ||   104
  Dodge: Dodged            |    94 |    29 ||   123

Table legend: (Time is in decaauts)
 A = Elapsed time spent in this place.
 B = Non-inter-level travel time spent in this place.
 C = Inter-level travel time spent in this place.
 D = Time resting spent in this place.
 E = Time spent auto-exploring this place.
 F = Levels seen in this place.
 G = Mean time per level.
                   A        B        C        D        E       F      G
               +--------+--------+--------+--------+--------+-----+--------+
         Total |   2889 |   2805 |     84 |    246 |   2063 |   4 |  722.2 |
       Dungeon |   2889 |   2805 |     84 |    246 |   2063 |   4 |  722.2 |
               +--------+--------+--------+--------+--------+-----+--------+

Top non-repeatable levels by time:
     D:1: 956 daAuts
     D:2: 829 daAuts
     D:3: 689 daAuts
     D:4: 413 daAuts
